 Dungeon Crawl Stone Soup version 0.23-a0-33-g1e3a2e4 (webtiles) character file.

671 Dordric the Archer (level 7, 0/50 HPs)
             Began as a Human Hunter on Aug 4, 2018.
             Slain by an adder (2 damage)
             ... on level 4 of the Dungeon.
             The game lasted 00:09:15 (5927 turns).

Dordric the Archer (Human Hunter)                   Turns: 5927, Time: 00:09:16

Health: 0/50       AC: 10    Str: 13    XL:     7   Next: 89%
Magic:  7/7        EV: 11    Int: 11    God:
Gold:   140        SH:  0    Dex: 15    Spells: 6/6 levels left

rFire    + . .     SeeInvis .   b - +0 short sword
rCold    . . .     Gourm    .   (no shield)
rNeg     . . .     Faith    .   w - +0 ring mail
rPois    .         Spirit   .   (no helmet)
rElec    .         Reflect  .   p - +2 cloak
rCorr    .         Harm     .   h - +1 pair of gloves
MR       .....                  (no boots)
Stlth    +.........             (no amulet)
HPRegen  0.16/turn              l - ring of stealth
MPRegen  0.10/turn              t - ring of protection from fire

@: glowing
A: no striking features
a: no special abilities


You were on level 4 of the Dungeon.
You were not hungry.

You visited 1 branch of the dungeon, and saw 4 of its levels.

You collected 140 gold pieces.

Inventory:

Hand Weapons
 a - a +1 shortbow
 b - a +0 short sword (weapon)
Armour
 c - a +0 leather armour
 e - a scarf of repulsion
 h - a +1 pair of gloves (worn)
 p - a +2 cloak (worn)
 q - a +0 plate armour
 s - a scarf of resistance
 w - a +0 ring mail (worn)
 y - a +2 robe
Jewellery
 l - a ring of stealth (left hand)
 t - a ring of protection from fire (right hand)
Wands
 z - a wand of paralysis (15)
Scrolls
 j - a scroll of noise
 k - a scroll of blinking
 n - 2 scrolls of teleportation
 u - a scroll of amnesia {unknown}
Potions
 g - a potion of berserk rage {unknown}
 i - a potion of might {unknown}
 m - a potion of heal wounds {unknown}
 r - 3 potions of curing {unknown}
 v - a potion of flight {unknown}
 x - a potion of agility {unknown}
Comestibles
 f - 3 rations


   Skills:
 - Level 2.0 Fighting
 + Level 9.1 Bows
 - Level 2.0 Dodging
 - Level 1.0 Stealth


You had 6 spell levels left.
You didn't know any spells.
Your spell library contained the following spells:

 Spells                   Type           Power        Failure   Level  Hunger
 Confuse                  Hex            #.......     93%         3    ####...
 Tukima's Dance           Hex            #.......     93%         3    ####...
 Ensorcelled Hibernation  Hex/Ice        #.....       75%         2    ###....
 Corona                   Hex            #......      61%         1    ##.....
 Dazzling Spray           Conj/Hex       #.....       93%         3    ####...


Dungeon Overview and Level Annotations

Branches:
Dungeon (4/15)
 Temple: D:4-7

Altars:
Sif Muna
Wu Jian


Message History

The adder bites you but does no damage.
The gnoll shaman shouts!
The gnoll shouts!
You hear a shout! x2
The gnoll shaman hits you with a club.
* * * LOW HITPOINT WARNING * * *
The gnoll shaman hits you with a club.
* * * LOW HITPOINT WARNING * * *
The gnoll shaman calls upon its god to heal something.
The adder bites you.
* * * LOW HITPOINT WARNING * * *
An orc comes into view. It is wielding a club.
The gnoll shaman calls upon its god to speed up the gnoll.
The gnoll seems to speed up.
The adder misses you.
The gnoll shaman mumbles some strange prayers to its god against you.
You are outlined in light.
The adder bites you but does no damage.
There is a stone staircase leading down here.
You can't go up here!
The adder bites you.
You die...

#'#####......#..#.#
................<.#
..........g.#.....#
..#'##..........#.#########
..#..#P.....g..............
..#).#....[..g.......######
..####)..)...........#
...).)....[..g.......###
...........)...S@.......#
...o.........[.......##..
.............<.#...#......
............###########. .
............# .
............# ...........##
...##.....## ###########


You could see a gnoll shaman, 3 gnolls and an adder.

Vanquished Creatures
  Sigmund (D:3)
  Blork the orc (D:3)
  A scorpion (D:4)
  A howler monkey (D:3)
  An orc priest (D:3)
  5 orc wizards
  2 gnolls (D:4)
  6 adders
  A worm (D:2)
  2 dart slugs
  3 leopard geckos
  8 orcs
  11 bats
  4 giant cockroaches
  9 goblins
  9 hobgoblins
  8 jackals
  A quokka (D:2)
  A ball python (D:4)
  4 frilled lizards
  7 kobolds
  5 rats
91 creatures vanquished.

Vanquished Creatures (others)
  An orc wizard (D:4)
1 creature vanquished.

Grand Total: 92 creatures vanquished

Notes
Turn   | Place    | Note
-------+----------+-------------------------------------------
     0 | D:1      | Dordric the Human Hunter began the quest for the Orb.
     0 | D:1      | Reached XP level 1. HP: 16/16 MP: 1/1
   127 | D:1      | Reached XP level 2. HP: 22/22 MP: 2/2
   462 | D:1      | Reached XP level 3. HP: 24/27 MP: 3/3
   660 | D:1      | Reached skill level 5 in Bows
  1470 | D:2      | Reached XP level 4. HP: 33/33 MP: 4/4
  2426 | D:2      | Found an ornate altar of the Wu Jian Council.
  3393 | D:3      | Reached XP level 5. HP: 38/38 MP: 5/5
  3506 | D:3      | Found a deep blue altar of Sif Muna.
  3523 | D:3      | Reached skill level 6 in Bows
  3597 | D:3      | Noticed Sigmund
  3616 | D:3      | Killed Sigmund
  3616 | D:3      | Reached skill level 7 in Bows
  3616 | D:3      | Reached XP level 6. HP: 21/44 MP: 6/6
  4132 | D:3      | Reached XP level 7. HP: 37/50 MP: 7/7
  4244 | D:3      | Reached skill level 8 in Bows
  5081 | D:4      | Noticed Blork the orc
  5112 | D:3      | Killed Blork the orc
  5483 | D:4      | Reached skill level 9 in Bows
  5919 | D:4      | HP: 1/50 [adder (3)]
  5927 | D:4      | Slain by an adder

Vault maps used:
D:1:      dpeg_arrival_rooms_b
D:2:      marbit_many_paths, first_ration
D:3:      led_sif_book, uniq_sigmund
D:4:      corexii_shack_village, ebering_ghost_inner_flame, uniq_blork_the_orc

Skill      XL: |  1  2  3  4  5  6  7 |
---------------+----------------------+-----
Bows           | 5 7 9 |  9.1
Fighting       | |  2.0
Dodging        | |  2.0
Stealth        | |  1.0

Action                   |  1- 3 |  4- 6 |  7- 9 || total
-------------------------+-------+-------+-------++-------
Melee: Short sword       |    56 |    70 |   204 ||   330
 Fire: Shortbow          |    53 |   103 |    41 ||   197
  Use: Scroll            |       |     5 |     2 ||     7
  Eat: Chunk             |     1 |     5 |     4 ||    10
       Ration            |       |     1 |     1 ||     2
Armor: Leather armour    |    23 |    18 |       ||    41
       Plate armour      |       |    21 |       ||    21
       Ring mail         |       |    18 |   146 ||   164
       Robe              |       |     7 |       ||     7
Dodge: Dodged            |    50 |    68 |   155 ||   273

Table legend:
 A = Spawn XP
 B = Non-spawn XP
 C = Spawn XP percentage of total XP
 D = Spawn monster count
 E = Non-spawn monster count
 F = Spawn count percentage of total count
 G = Total turns spent on level
                    A         B        C        D         E        F      G
               +---------+---------+-------+---------+---------+-------+---------
         Total |       0 |     959 |   0.0 |       0 |      92 |   0.0 |  5927
               +---------+---------+-------+---------+---------+-------+---------
           D:1 |       0 |      45 |   0.0 |       0 |      24 |   0.0 |  1014
           D:2 |       0 |      53 |   0.0 |       0 |      16 |   0.0 |  1521
           D:3 |       0 |     662 |   0.0 |       0 |      33 |   0.0 |  2624
           D:4 |       0 |     199 |   0.0 |       0 |      19 |   0.0 |   768
               +---------+---------+-------+---------+---------+-------+---------
